 Dungeon Crawl Stone Soup version 0.21.1-1-g345015f (webtiles) character file.

167 inc the Magician (level 5, -2/31 HPs)
             Began as an Octopode Conjurer on June 11, 2018.
             Slain by Grinder (11 damage)
             ... on level 3 of the Dungeon.
             The game lasted 00:02:35 (1766 turns).

inc the Magician (Octopode Conjurer)                Turns: 1766, Time: 00:02:36

Health: -2/31      AC:  1    Str:  7    XL:     5   Next: 48%
Magic:  3/12       EV: 13    Int: 19    God:
Gold:   181        SH:  0    Dex: 12    Spells: 8/14 levels left

rFire    . . .     SeeInvis .   q - +2 flail (protect)
rCold    . . .     Gourm    .   (no shield)
rNeg     . . .     Faith    .   (helmet restricted)
rPois    +         Spirit   .   (no amulet)
rElec    .         Reflect  .   f - ring of poison resistance
rCorr    .         Harm     .   (no ring)
MR       .....                  (no ring)
Stlth    +++.......             (no ring)
HPRegen  0.10/turn              (no ring)
MPRegen  0.13/turn              (no ring)
                                (no ring)
                                (no ring)

@: no status effects
A: almost no armour, stealthy swim, amphibious, 8 rings, constrict 8, camouflage
1, gelatinous body 1
a: no special abilities


You were on level 3 of the Dungeon.
You were not hungry.

You visited 1 branch of the dungeon, and saw 3 of its levels.

You collected 181 gold pieces.

Inventory:

Hand Weapons
 n - a +2 mace of draining
 q - a +2 flail of protection (weapon)
Jewellery
 f - a ring of poison resistance (left tentacle)
Scrolls
 c - 3 scrolls of immolation {unknown}
 d - 3 scrolls of identify {unknown}
 g - a scroll of teleportation {unknown}
 i - a scroll of enchant armour {unknown}
 j - 2 scrolls of fear {unknown}
 k - a scroll of enchant weapon {unknown}
 m - a scroll of amnesia {unknown}
 p - 2 scrolls of remove curse {unknown}
Potions
 e - 3 potions of degeneration {unknown}
 h - a potion of might {unknown}
 l - a potion of brilliance {unknown}
Books
 a - a book of Conjurations

   Spells                             Type                      Level
   a - Magic Dart                     Conjuration                  1
   b - Searing Ray                    Conjuration                  2
   c - Dazzling Spray                 Conjuration/Hexes            3
   d - Fulminant Prism                Conjuration/Hexes            4
   e - Force Lance                    Conjuration/Translocation    4
   f - Iskenderun's Mystic Blast      Conjuration                  4
Comestibles
 b - 5 rations


   Skills:
 + Level 0.0 Fighting
 + Level 2.0 Dodging
 - Level 2.6 Stealth
 - Level 5.1 Spellcasting
 - Level 4.0 Conjurations


You had 8 spell levels left.
You knew the following spells:

 Your Spells              Type           Power        Failure   Level  Hunger
a - Magic Dart            Conj           ###.         2%          1    None
b - Searing Ray           Conj           ###...       3%          2    #......
c - Dazzling Spray        Conj/Hex       ##....       16%         3    ##.....


Dungeon Overview and Level Annotations

Branches:
Dungeon (3/15)

Altars:

Annotations:
D:3 Grinder


Innate Abilities, Weirdness & Mutations

You cannot wear most types of armour.
You are very stealthy in the water. (Stealth+)
You are amphibious.
You can wear up to eight rings at the same time.
You can use your tentacles to constrict eight enemies at once.
Your skin changes colour to match your surroundings (Stealth+).
Your rubbery body absorbs attacks. (AC +1, EV +1)


Message History

Grinder is moderately wounded.
Grinder gestures at you. Pain shoots through your body!
The searing ray misses Grinder.
Grinder says, "FISH!"
Grinder gestures at you.
You barely resist.
The searing ray hits Grinder.
Grinder is heavily wounded.
You finish channeling your searing ray.
Grinder hits you!
You writhe in agony.
* * * LOW HITPOINT WARNING * * *
Casting: Searing Ray
Confirm with . or Enter, or press ? or * to list all spells.
Aiming: Searing Ray
Press: ? - help, Shift-Dir - straight line, f/p - Grinder
Aim: Grinder (heavily wounded)
The searing ray misses Grinder. (Press . to maintain the ray.) Grinder hits you!
You die...

#....#......#
###.###.....# ###.#
#.....# .##.#
##..### ....####..#
......###.##
...........#
...........########
...........##...@.#
...........##.###5#
............#.# .#
......####..#(# .#
......# ##.#.# .#
......# #...# .#
......######..# .#
.........###.>###.#
..................#


You could see Grinder.

Vanquished Creatures
  A bullfrog (D:3)
  Jessica (D:2)
  An adder (D:3)
  3 worms (D:3)
  2 dart slugs
  7 orcs (D:3)
  3 giant cockroaches
  3 goblins
  5 hobgoblins
  4 jackals (D:2)
  5 kobolds
  2 ball pythons (D:3)
  7 bats
  5 frilled lizards
  5 rats
54 creatures vanquished.

Notes
Turn   | Place    | Note
-------+----------+-------------------------------------------
     0 | D:1      | inc the Octopode Conjurer began the quest for the Orb.
     0 | D:1      | Reached XP level 1. HP: 11/11 MP: 3/3
   201 | D:1      | Reached XP level 2. HP: 13/17 MP: 1/5
   730 | D:2      | Reached skill level 3 in Spellcasting
   843 | D:2      | Reached XP level 3. HP: 21/21 MP: 5/7
  1099 | D:2      | Noticed Jessica
  1108 | D:2      | Killed Jessica
  1112 | D:2      | Learned a level 2 spell: Searing Ray
  1116 | D:2      | Learned a level 3 spell: Dazzling Spray
  1173 | D:2      | You fall through a shaft!
  1178 | D:3      | Reached XP level 4. HP: 27/27 MP: 3/9
  1223 | D:3      | Reached skill level 4 in Spellcasting
  1439 | D:3      | Noticed a bullfrog
  1444 | D:3      | Killed a bullfrog
  1444 | D:3      | Reached XP level 5. HP: 31/31 MP: 7/12
  1467 | D:3      | Reached skill level 5 in Spellcasting
  1757 | D:3      | Noticed Grinder
  1759 | D:3      | Paralysed by Grinder for 3 turns
  1766 | D:3      | Slain by Grinder

Skill      XL: |  1  2  3  4  5 |
---------------+----------------+-----
Spellcasting   | 3 4 5 |  5.1
Dodging        | |  2.0
Stealth        | |  2.6
Conjurations   | |  4.0

Action                   |  1- 3 |  4- 6 || total
-------------------------+-------+-------++-------
Melee: Unarmed           |    25 |       ||    25
       Constrict         |     7 |    10 ||    17
       Tentacles         |     3 |     6 ||     9
       Flail             |       |    42 ||    42
       Mace              |       |     3 ||     3
 Cast: Magic Dart        |    34 |    29 ||    63
       Searing Ray       |       |     3 ||     3
 Stab: Sleeping          |     1 |       ||     1
  Eat: Chunk             |     1 |     2 ||     3
Armor: Skin              |     6 |     8 ||    14
Dodge: Dodged            |    26 |    32 ||    58
